Map: Newkirk Precinct TE (Void)

Players

Fropez - Winner!

  • Race: Protoss Protoss
  • League: Gold
  • Spawn Location: 5:00

Rob

  • Race: Terran Terran
  • League: Gold
  • Spawn Location: 7:00

VOD

Have the link to the VOD?

Description

Time

  • Played on: Dec. 8, 2016, 2:30 p.m.
  • Length: 12:27
Show
View Real Time Build Order
Export as new Build Order

Fropez Protoss - Winner!

Build Orders: Oracle Opening 

Get SALT Encoding   

  12  0:01  Probe (Chrono Boost)  
  13  0:12  Probe (Chrono Boost)  
  14  0:20  Pylon  
  14  0:22  Probe (Chrono Boost)  
  15  0:36  Assimilator  
  15  0:38  Probe (Chrono Boost)  
  16  0:44  Gateway  
  16  0:48  Probe (Chrono Boost)  
  17  0:54  Assimilator  
  17  0:59  Probe (Chrono Boost)  
  18  1:09  Probe (Chrono Boost)  
  19  1:20  Probe (Chrono Boost)  
  20  1:30  Pylon  
  20  1:31  Probe (Chrono Boost)  
  21  1:33  Cybernetics Core  
  21  1:41  Probe (Chrono Boost)  
  22  1:52  Pylon, Probe (Chrono Boost)  
  23  2:02  Probe (Chrono Boost)  
  23  2:05  Pylon  
  24  2:12  Stargate  
  24  2:13  Probe (Chrono Boost)  
  25  2:15  Stalker  
  25  2:18  Warp Gate (Chrono Boost)  
  27  2:23  Probe (Chrono Boost)  
  28  2:35  Mothership Core  
  30  2:55  Oracle (Chrono Boost)  
  30  2:57  Probe  
  34  3:10  Stalker  
  36  3:18  Probe  
  37  3:30  Probe  
  37  3:31  Nexus  
  38  3:42  Probe  
  36  3:56  Pylon  
  36  4:08  Oracle (Chrono Boost)  
  36  4:20  Gateway  
  36  4:21  Gateway  
  36  4:25  Pylon x2  
  36  4:27  Gateway  
  36  4:30  Twilight Council  
  36  4:34  Probe  
  37  4:54  Adept  
  37  4:55  Probe  
  37  4:56  Probe  
  41  5:05  Probe  
  42  5:08  Probe, Assimilator  
  40  5:29  Adept x4  
  48  5:58  Probe  
  48  6:00  Probe  
  48  6:02  Assimilator  
  50  6:09  Forge  
  50  6:12  Gateway  
  50  6:14  Gateway  
  50  6:20  Pylon  
  50  6:23  Pylon  
  50  6:28  Pylon  
  47  6:49  Adept x2, Oracle (Chrono Boost)  
  54  7:04  Pylon  
  54  7:07  Resonating Glaives, Protoss Ground Weapons Level 1 (Chrono Boost), Pylon  
  54  7:12  Adept x2, Pylon  
  58  7:25  Adept  
  58  7:26  Adept  
  60  7:50  Adept x4  
  60  7:51  Adept  
  43  8:10  Forge  
  43  8:12  Adept x5  
  47  8:13  Adept  
  47  8:14  Gateway  
  47  8:17  Probe x2  
  53  8:29  Probe  
  53  8:34  Sentry x4  
  56  8:35  Sentry x2  
  56  8:38  Pylon  
  66  8:41  Probe x2  
  68  8:53  Probe  
  68  8:54  Protoss Ground Weapons Level 2 (Chrono Boost)  
  68  8:55  Protoss Ground Armor Level 1 (Chrono Boost)  
  69  9:05  Adept x4  
  69  9:06  Adept x2  
  81  9:18  Robotics Facility  
  81  9:22  Stalker  
  83  9:26  Pylon  
  83  9:27  Pylon  
  83  9:31  Dark Shrine  
  83  9:32  Pylon  
  83  9:36  Adept  
  83  9:38  Sentry x4  
  89  10:29  Adept x4  
  89  10:30  Adept x3  
  89  10:32  Immortal (Chrono Boost)  
  107  10:49  Probe x2  
  109  10:51  Gateway  
  109  10:54  Dark Templar  
  111  10:58  Nexus  
  111  11:06  Warp Prism (Chrono Boost)  
  112  11:52  Dark Templar x4  
  112  11:53  Dark Templar  
Show
View Real Time Build Order
Export as new Build Order

Rob Terran 

Build Orders: MMM Bio 

Get SALT Encoding   

  12  0:03  SCV  
  13  0:15  SCV  
  14  0:27  SCV  
  15  0:31  Supply Depot  
  15  0:53  SCV  
  16  1:04  Barracks  
  16  1:08  Barracks  
  16  1:10  Barracks  
  16  1:13  Refinery  
  16  1:15  SCV  
  17  1:27  SCV  
  18  1:34  Supply Depot  
  18  1:39  SCV  
  19  1:53  Marine  
  20  1:57  Barracks Tech Lab  
  20  2:06  Barracks Reactor  
  20  2:08  Orbital Command  
  20  2:16  Marauder  
  22  2:29  Marine  
  23  2:34  Supply Depot  
  23  2:44  SCV  
  23  2:45  Refinery  
  23  2:50  Marine  
  23  2:51  Marine  
  27  2:52  Marine  
  27  2:56  Stimpack  
  27  2:57  Marine  
  28  3:00  SCV  
  29  3:09  Marine  
  29  3:10  Marine  
  29  3:12  Marine  
  32  3:16  Marauder  
  32  3:17  SCV  
  35  3:28  Marine  
  35  3:29  Marine, SCV  
  38  3:35  Supply Depot  
  38  3:40  Marine  
  39  3:49  Supply Depot  
  39  3:54  Marauder  
  36  4:21  Engineering Bay  
  36  4:55  Missile Turret  
  36  4:59  Marine x2  
  37  5:00  Marine  
  37  5:01  Marauder  
  25  5:43  Marine x3, Marauder  
  28  6:01  Marine  
  28  6:03  Marine x2  
  31  6:05  Marauder  
  31  6:09  SCV  
  34  6:13  Combat Shields  
  34  6:20  Marine  
  34  6:21  SCV  
  34  6:22  Marine x2  
  38  6:30  Factory  
  38  6:33  SCV  
  38  6:34  Marine  
  38  6:38  Marine  
  39  6:44  Marine x2  
  41  6:47  SCV  
  41  6:54  Marauder  
  44  6:59  Marine  
  45  7:15  Factory Reactor  
  45  7:18  Marine x3, Starport  
  45  7:20  Marauder  
  50  7:24  Terran Infantry Weapons Level 1  
  45  8:11  Marine x3, Marauder  
  50  8:16  Starport Reactor  
  50  8:23  Command Center  
  50  8:29  Marine  
  50  8:33  Marauder  
  53  8:38  Medivac  
  55  8:46  Supply Depot  
  55  8:49  Supply Depot  
  55  8:51  Supply Depot  
  55  8:55  Factory Tech Lab  
  55  9:01  Marine x3, Medivac  
  55  9:02  Marauder  
  62  9:10  Medivac  
  64  9:17  SCV  
  64  9:19  Marine  
  68  9:30  SCV  
  67  9:34  Orbital Command  
  67  9:42  SCV  
  67  9:43  Marine x3, Marauder  
  73  9:55  SCV  
  73  9:58  Siege Tank  
  63  10:27  Marine x2, Marauder  
  63  10:28  Marine  
  68  10:34  Siege Tank  
  71  10:45  Marine  
  71  10:47  SCV x2  
  71  10:49  Marauder  
  76  10:59  SCV x2  
  76  11:04  Marine x3  
  81  11:12  Marauder  
  81  11:13  Siege Tank  
  86  11:47  Barracks Reactor  
  79  11:54  Missile Turret  
  79  11:59  Marine x2, Marauder  
Tags
 
Composition
MMM Bio
League
GoldGold
Matchup
PvT
Replay Pack
All Mines
Spawn Locations
Close Positions
Add a new tag
Caveats
  • Supply blocks, unpowered buildings, or Contaminate may cause inaccurate times.
  • Supply counts are checked every 10 seconds.